 Dungeon Crawl Stone Soup version 0.29.1-1-gd02db6906a (webtiles) character file.

Game seed: 4243733051326192265

38 xian the Shooter (level 3, -1/21 HPs)
             Began as a Deep Elf Hunter on Oct 7, 2022.
             Slain by a gnoll
             ... wielding a +0 spear
              (6 damage)
             ... on level 2 of the Dungeon.
             The game lasted 00:01:45 (955 turns).

xian the Shooter (Deep Elf Hunter)                   Turns: 955, Time: 00:01:46

Health: -1/21      AC:  4    Str: 10    XL:     3   Next: 25%
Magic:  5/5        EV: 12    Int: 13    God:
Gold:   45         SH:  0    Dex: 18    Spells: 2/2 levels left

rFire   . . .      SeeInvis .   f - +0 short sword
rCold   . . .      Faith    .   (no shield)
rNeg    . . .      Spirit   .   c - +0 leather armour
rPois   .          Reflect  .   (no helmet)
rElec   .          Harm     .   (no cloak)
rCorr   .          Rampage  .   (no gloves)
Will    .....                   e - +0 pair of boots
Stlth   ++........              (no amulet)
HPRegen 0.07/turn               (no ring)
MPRegen 0.09/turn               (no ring)

@: no status effects
A: no striking features
a: no special abilities


You were on level 2 of the Dungeon.
You visited 1 branch of the dungeon, and saw 2 of its levels.

You collected 45 gold pieces.

Inventory:

Hand Weapons
 a - a +0 shortbow
 f - a +0 short sword (weapon)
Armour
 c - a +0 leather armour (worn)
 e - a +0 pair of boots (worn)
Scrolls
 b - a scroll of immolation
 d - a scroll of identify {unknown}
Potions
 g - a potion of heal wounds {unknown}


   Skills:
 + Level 1.7 Fighting
 + Level 6.6 Ranged Weapons
 + Level 2.6 Dodging
 + Level 1.2 Stealth


You had 2 spell levels left.
You didn't know any spells.
Your spell library contained the following spells:

 Spells                   Type           Power      Damage    Failure   Level
 Apportation              Tloc           0%         N/A       38%         1
 Sting                    Tmut/Pois      0%         1d3       38%         1
 Poisonous Vapours        Pois/Air       0%         N/A       54%         2
 Olgreb's Toxic Radiance  Pois           0%         N/A       99%         4
 Alistair's Intoxication  Tmut/Pois      0%         N/A       100%        5


Dungeon Overview and Level Annotations

Branches:
Dungeon (2/15)

Altars:


Message History

You shoot an arrow. The arrow completely misses the gnoll.
You shoot an arrow. The arrow closely misses the gnoll.
The gnoll barely misses you.
The gnoll hits you from afar with a +0 spear.
You shoot an arrow. The arrow barely misses the gnoll.
The gnoll hits you from afar with a +0 spear!
You shoot an arrow. The arrow hits the gnoll.
The gnoll is lightly wounded.
The gnoll barely misses you.
You shoot an arrow. The arrow hits the gnoll.
The gnoll is heavily wounded.
The gnoll closely misses you.
You shoot an arrow. The arrow hits the gnoll.
The gnoll is severely wounded.
The gnoll barely misses you.
The gnoll hits you from afar with a +0 spear.
You are too injured to fight recklessly!
You are too injured to fight recklessly!
You are too injured to fight recklessly!
You are too injured to fight recklessly!
You are too injured to fight recklessly!
Unknown command.
The gnoll closely misses you.
f - a +0 short sword (weapon)
You barely miss the gnoll.
The gnoll is severely wounded.
The gnoll closely misses you.
You closely miss the gnoll.
The gnoll is severely wounded.
The gnoll hits you but does no damage.
You barely miss the gnoll.
The gnoll is severely wounded.
The gnoll hits you but does no damage.
You hit the gnoll but do no damage.
The gnoll is severely wounded.
A quokka comes into view.
The gnoll hits you with a +0 spear.
* * * LOW HITPOINT WARNING * * *
The gnoll hits you with a +0 spear.
You die...

##.##.#.#...#....#### .# ###
##+#.##.#.#........#.. ..
#.###..#.##...#........#.###.###
#.#.#..#.##...#....#####........
#.#.#..#..............r.........
..........................##.##)
#.#....................g.....#
#.#.#..###.......g.#####..####
....#.<###......@..#####..#
...................[.......g
.............................
#.#.#..###.#..##........#..##.
#............. #..(.....#..#
.......####.. #...####.#
#.#.......... ..... ...
#.#...#####. #....## #.
......... .. ......


You could see a gnoll and a quokka (wandering).

Vanquished Creatures
  2 dart slugs (D:1)
  5 ball pythons
  2 bats (D:1)
  2 endoplasms (D:1)
  2 giant cockroaches
  3 goblins (D:1)
  A hobgoblin (D:1)
  3 quokkas (D:2)
  5 frilled lizards
  4 kobolds
  3 rats
32 creatures vanquished.

Notes
Turn   | Place    | Note
-------+----------+-------------------------------------------
     0 | D:1      | xian the Deep Elf Hunter began the quest for the Orb.
     0 | D:1      | Reached XP level 1. HP: 12/12 MP: 3/3
   122 | D:1      | Reached XP level 2. HP: 16/16 MP: 4/4
   140 | D:1      | Reached skill level 6 in Ranged Weapons
   741 | D:1      | Reached XP level 3. HP: 18/21 MP: 5/5
   955 | D:2      | Slain by a gnoll

Illustrated notes

Levels and vault maps discovered:
D:1:      kennysheep_arrival_forest, layout_loops_ring
D:2:      layout_basic, hellmonk_ecumenical_altar_slurped_away,
          dreamdust_mushroom_princess, hangedman_decor_diamond_cutter

Skill      XL: |  1  2 |
---------------+-------+-----
Ranged Weapons | 6 |  6.6
Fighting       | |  1.7
Dodging        | |  2.6
Stealth        | |  1.2

Action                   || total
-------------------------++-------
Melee: Short sword       ||     4
 Fire: Shortbow          ||    86
Armor: Leather armour    ||     9
Dodge: Dodged            ||    16
